Map: Ever Dream LE

Players

ShoWTimE

  • Race: Protoss Protoss
  • Spawn Location: 1:00

Rogue - Winner!

  • Race: Zerg Zerg
  • Spawn Location: 7:00

Event: War Chest Team League

VOD

Have the link to the VOD?

Description

Time

  • Played on: Aug. 9, 2020, 10:07 a.m.
  • Length: 12:26
Show
View Real Time Build Order
Export as new Build Order

ShoWTimE Protoss 

Build Orders: 1 Gate Expand, Mass Adepts 

Get SALT Encoding   

  12  0:00  Probe  
  13  0:12  Probe  
  14  0:18  Pylon  
  14  0:24  Probe  
  15  0:36  Probe (Chrono Boost)  
  15  0:40  Gateway  
  16  0:47  Probe (Chrono Boost)  
  17  0:50  Assimilator  
  17  0:52  Probe (Chrono Boost)  
  18  1:03  Probe  
  19  1:15  Probe  
  20  1:26  Nexus  
  20  1:36  Cybernetics Core  
  20  1:38  Probe  
  21  1:44  Assimilator  
  21  1:50  Probe  
  21  1:53  Pylon  
  22  2:02  Probe  
  23  2:10  Adept (Chrono Boost)  
  23  2:13  Warp Gate  
  23  2:14  Probe  
  26  2:25  Twilight Council  
  26  2:26  Probe  
  27  2:30  Stalker (Chrono Boost)  
  29  2:39  Probe (Chrono Boost)  
  31  2:44  Probe (Chrono Boost)  
  31  2:49  Probe (Chrono Boost)  
  31  2:51  Robotics Facility  
  33  2:53  Probe (Chrono Boost)  
  33  2:54  Probe (Chrono Boost)  
  34  3:03  Probe  
  36  3:05  Probe  
  36  3:09  Gateway  
  36  3:11  Adept  
  38  3:15  Resonating Glaives (Chrono Boost)  
  38  3:17  Probe  
  39  3:26  Gateway  
  39  3:28  Gateway  
  39  3:35  Warp Prism (Chrono Boost)  
  41  3:43  Probe  
  41  3:44  Pylon, Probe  
  43  3:50  Pylon  
  43  3:55  Probe  
  44  3:56  Probe  
  44  4:02  Adept  
  47  4:03  Adept  
  47  4:08  Observer  
  50  4:10  Probe x2  
  50  4:11  Assimilator  
  50  4:12  Pylon  
  52  4:22  Probe  
  54  4:25  Adept x4  
  54  4:27  Pylon  
  54  4:29  Probe  
  62  4:34  Probe  
  63  4:46  Adept x4  
  63  4:50  Assimilator  
  63  4:51  Probe x2  
  73  5:00  Immortal  
  77  5:08  Pylon  
  77  5:23  Pylon, Probe  
  77  5:26  Sentry  
  77  5:27  Sentry x2  
  84  5:34  Pylon  
  84  5:36  Sentry, Nexus  
  84  5:41  Probe x2  
  88  5:46  Immortal (Chrono Boost)  
  88  5:50  Phoenix x2  
  88  5:53  Probe x2  
  88  5:54  Shield Battery  
  90  5:58  Pylon  
  90  6:02  Pylon  
  90  6:05  Probe x2  
  90  6:07  Forge  
  92  6:11  Sentry  
  92  6:12  Sentry  
  96  6:20  Sentry  
  96  6:22  Sentry  
  96  6:23  Probe x2  
  96  6:24  Protoss Ground Weapons Level 1  
  102  6:28  Pylon  
  102  6:35  Probe x2  
  102  6:36  Gateway  
  102  6:37  Gateway  
  104  6:40  Phoenix  
  104  6:47  Probe  
  104  6:48  Adept x2  
  104  6:50  Probe  
  104  6:51  Probe  
  104  6:52  Adept  
  113  6:59  Probe  
  114  7:02  Immortal (Chrono Boost), Probe  
  114  7:03  Probe  
  120  7:09  Robotics Bay  
  120  7:11  Probe  
  120  7:14  Probe  
  120  7:17  Blink (Chrono Boost)  
  120  7:20  Pylon  
  120  7:21  Pylon  
  120  7:24  Assimilator, Probe x2  
  120  7:28  Assimilator  
  120  7:29  Shield Battery  
  122  7:33  Observer  
  123  7:38  Photon Cannon, Pylon  
  123  7:39  Photon Cannon  
  123  7:41  Phoenix  
  123  7:43  Gateway x2  
  119  7:52  Stalker x5  
  119  7:56  Adept  
  131  8:01  Colossus (Chrono Boost)  
  136  8:13  Pylon  
  136  8:15  Extended Thermal Lance  
  136  8:17  Stalker  
  136  8:19  Probe x2  
  140  8:22  Stalker  
  140  8:26  Pylon  
  142  8:30  Stalker x3  
  142  8:31  Photon Cannon  
  148  8:39  Stalker x3  
  148  8:43  Phoenix  
  148  8:55  Colossus (Chrono Boost)  
  154  8:58  Protoss Ground Weapons Level 2 (Chrono Boost)  
  154  9:01  Pylon  
  154  9:09  Nexus  
  154  9:10  Pylon  
  154  9:14  Stalker x3  
  160  9:21  Stalker x2  
  160  9:29  Stalker x2  
  160  9:30  Shield Battery  
  164  9:34  Stalker, Shield Battery  
  164  9:37  Charge  
  166  9:42  Stalker  
  168  9:47  Gateway  
  168  9:49  Stalker  
  170  9:57  Sentry  
  170  9:58  Sentry x2  
  168  10:04  Stalker x2  
  170  10:10  Stalker  
  172  10:16  Stalker  
  174  10:25  Pylon  
  174  10:27  Stalker x5  
  174  10:36  Stalker  
  174  10:38  Photon Cannon  
  174  10:40  Stalker  
  160  10:54  Stalker x3  
  147  11:02  Stalker x3  
  145  11:05  Probe x2  
  145  11:06  Probe  
  145  11:10  Adept  
  129  11:27  Stalker x4  
  116  11:51  Stalker x2  
  116  11:52  Stalker x2  
  112  12:14  Stalker x2  
  112  12:15  Stalker x2  
Show
View Real Time Build Order
Export as new Build Order

Rogue Zerg - Winner!

Build Orders: Hatch First 

Get SALT Encoding   

  12  0:00  Drone  
  13  0:12  Overlord  
  13  0:16  Drone  
  14  0:31  Drone  
  15  0:43  Drone x2  
  17  0:51  Hatchery  
  17  0:54  Drone  
  17  1:00  Drone  
  18  1:09  Extractor  
  17  1:14  Spawning Pool  
  17  1:16  Drone  
  17  1:19  Drone  
  18  1:28  Drone  
  19  1:40  Drone  
  20  1:49  Overlord  
  20  2:01  Queen  
  20  2:04  Queen  
  20  2:05  Zergling x4  
  26  2:10  Metabolic Boost  
  26  2:12  Drone  
  27  2:16  Drone  
  28  2:23  Drone  
  28  2:29  Drone  
  30  2:35  Hatchery  
  29  2:41  Zergling x2  
  30  2:45  Queen  
  30  2:50  Overlord  
  32  2:53  Drone  
  32  2:56  Drone x2  
  35  3:00  Drone  
  36  3:10  Drone x2  
  38  3:13  Drone x3  
  38  3:19  Overlord  
  41  3:20  Drone  
  41  3:23  Queen  
  41  3:26  Spore Crawler  
  43  3:32  Drone  
  44  3:38  Overlord  
  44  3:41  Drone x4  
  45  3:47  Queen  
  50  3:50  Drone x3  
  50  3:53  Drone  
  54  3:56  Roach Warren  
  54  4:02  Zergling x8  
  57  4:04  Zergling x2  
  58  4:10  Spore Crawler  
  58  4:11  Overlord  
  58  4:13  Zergling x2  
  58  4:18  Spore Crawler  
  58  4:19  Zergling x8  
  58  4:24  Overlord  
  61  4:25  Zergling x4  
  63  4:37  Roach x5  
  73  4:41  Roach  
  73  4:43  Roach  
  73  4:44  Overlord  
  75  4:46  Extractor  
  75  4:51  Zergling x2, Roach  
  75  4:52  Zergling x4  
  79  4:54  Zergling x2  
  80  5:01  Overlord  
  80  5:04  Drone x3  
  83  5:12  Overlord, Roach x2  
  87  5:20  Drone x5  
  92  5:25  Overlord  
  92  5:29  Lair  
  92  5:35  Overlord, Roach  
  94  5:39  Drone x4  
  97  5:44  Evolution Chamber  
  97  5:47  Drone x3  
  95  5:55  Drone x4  
  95  5:56  Drone  
  100  5:59  Extractor  
  100  6:00  Drone x3  
  102  6:08  Drone x5  
  102  6:10  Drone  
  108  6:15  Extractor  
  108  6:16  Extractor, Zerg Missile Weapons Level 1  
  106  6:19  Drone x4  
  106  6:24  Extractor  
  106  6:25  Drone x4  
  113  6:29  Roach x2  
  113  6:30  Roach  
  119  6:33  Overlord  
  119  6:37  Glial Reconstitution  
  119  6:39  Zergling x4  
  121  6:44  Overlord x2  
  121  6:49  Overlord  
  121  6:53  Ravager  
  121  6:54  Ravager x2  
  123  6:57  Roach x3  
  123  6:58  Zergling x2  
  123  7:00  Overlord  
  129  7:01  Overlord x2  
  129  7:04  Ravager  
  129  7:05  Ravager  
  129  7:06  Zergling x2  
  129  7:07  Zergling x6  
  135  7:13  Drone x3  
  138  7:16  Drone x3  
  138  7:18  Overseer  
  141  7:24  Drone  
  141  7:27  Hatchery, Drone x3  
  144  7:34  Spire  
  143  7:37  Roach  
  143  7:38  Roach x3  
  150  7:44  Unknown  
  150  7:46  Roach x2  
  150  7:47  Roach x2  
  150  7:49  Overlord  
  157  7:51  Zergling x8  
  157  7:58  Roach x4  
  166  8:03  Zergling x6  
  168  8:11  Drone x2  
  168  8:12  Drone  
  171  8:14  Zerg Melee Weapons Level 1  
  171  8:16  Hatchery  
  171  8:18  Overlord  
  171  8:19  Zergling x2, Overlord  
  171  8:23  Zergling x4  
  172  8:32  Overlord x2  
  172  8:39  Zergling x16  
  148  8:49  Zerg Flyer Weapons Level 1  
  148  8:55  Mutalisk x7  
  162  9:03  Mutalisk x4  
  162  9:06  Mutalisk  
  162  9:08  Mutalisk  
  174  9:10  Mutalisk  
  176  9:21  Zergling x18  
  176  9:22  Zergling x4  
  182  9:31  Mutalisk  
  182  9:32  Mutalisk x4  
  182  9:37  Mutalisk  
  193  9:38  Zergling x2  
  193  9:39  Zergling x8  
  193  9:43  Mutalisk  
  194  9:55  Zergling x2  
  194  9:56  Zergling x12  
  192  10:03  Mutalisk x2  
  192  10:04  Mutalisk x3  
  192  10:05  Zergling x10  
  192  10:06  Zergling x4  
  194  10:22  Zergling x10  
  194  10:26  Zergling x4  
  179  10:36  Extractor x2  
  179  10:40  Mutalisk x6  
  177  10:46  Mutalisk  
  177  10:47  Mutalisk  
  177  10:48  Zergling x10  
  183  10:56  Mutalisk  
  183  10:57  Mutalisk  
  176  11:02  Zergling x28  
  176  11:03  Zergling x2  
  169  11:11  Mutalisk x2  
  169  11:12  Mutalisk  
  168  11:22  Mutalisk x2  
  168  11:23  Mutalisk  
  168  11:24  Zergling x2  
  168  11:25  Zergling x14  
  180  11:29  Mutalisk  
  180  11:30  Zergling x2  
  180  11:31  Zergling x4  
  178  11:35  Mutalisk x2  
  178  11:37  Zergling x2  
  183  11:45  Mutalisk x2  
  176  11:48  Zergling x2  
  176  11:49  Zergling x12  
  183  12:00  Mutalisk x3  
  189  12:03  Zergling x2  
  182  12:09  Zergling x2  
Tags
 
Add a new tag
Caveats
  • Supply blocks, unpowered buildings, or Contaminate may cause inaccurate times.
  • Supply counts are checked every 10 seconds.